 Dungeon Crawl Stone Soup version 0.27.0-1-g7a089689b8 (webtiles) character file.

Game seed: 6932269192842898294

7 SnakkuSnakku7 the Sneak (level 1, 0/10 HPs)
             Began as a Vampire Hedge Wizard on Aug 12, 2021.
             Slain by a kobold (4 damage)
             ... on level 1 of the Dungeon.
             The game lasted 00:00:32 (156 turns).

SnakkuSnakku7 the Sneak (Vampire Hedge Wizard)       Turns: 156, Time: 00:00:33

Health: 0/10       AC:  3    Str:  9    XL:     1   Next: 83%
Magic:  4/4        EV: 12    Int: 16    God:
Gold:   0          SH:  0    Dex: 13    Spells: 5/6 levels left

rFire    . . .     SeeInvis +   a - +0 dagger
rCold    + + .     Faith    .   (no shield)
rNeg     + + +     Spirit   .   b - +0 robe
rPois    ∞         Reflect  .   c - +0 hat
rElec    .         Harm     .   (no cloak)
rCorr    .         Rampage  .   d - +0 pair of gloves
Will     .....                  (no boots)
Stlth    +++++.....             (no amulet)
HPRegen  0.00/turn              (no ring)
MPRegen  0.09/turn              (no ring)

@: bloodless, inhibited regen
A: bloodless, fangs 3, see invisible, vampiric 1
a: Revivify


You were on level 1 of the Dungeon.
You visited 1 branch of the dungeon, and saw 1 of its levels.

Inventory:

Hand Weapons
 a - a +0 dagger (weapon)
Armour
 b - a +0 robe (worn)
 c - a +0 hat (worn)
 d - a +0 pair of gloves (worn)
Scrolls
 e - a scroll of noise {unknown}
 f - a scroll of immolation {unknown}
 g - a scroll of torment {unknown}


   Skills:
 - Level 2.1 Dodging
 + Level 4.1 Stealth
 - Level 3.0 Spellcasting
 - Level 0.6 Conjurations
 - Level 1.0 Summonings
 - Level 0.7 Translocations


You had 5 spell levels left.
You knew the following spells:

 Your Spells              Type           Power      Damage    Failure   Level
a - Magic Dart            Conj           16%        1d3       14%         1

Your spell library contained the following spells:

 Spells                   Type           Power      Damage    Failure   Level
 Call Imp                 Summ           5%         N/A       19%         2
 Blink                    Tloc           N/A        N/A       22%         2
 Slow                     Hex            2%         N/A       28%         2
 Conjure Flame            Conj/Fire      3%         6-21      45%         3
 Mephitic Cloud           Conj/Pois/Air  3%         N/A       45%         3


Dungeon Overview and Level Annotations

Branches:
Dungeon (1/15)

Altars:


Innate Abilities, Weirdness & Mutations

You do not regenerate when monsters are visible.
You are frail without blood (-20% HP).
You can heal yourself when you bite living creatures.
You are immune to poison.
You have razor-sharp teeth.
You have supernaturally acute eyesight. (SInv)
You are afflicted with vampirism.


Message History

You puncture the kobold!
You kill the kobold!
The helpless endoplasm fails to defend itself.
You puncture the endoplasm!
You kill the endoplasm!
Your Stealth skill increases to level 4!
You see here a +0 whip.
Found a stone staircase leading down.
You see here a +0 leather armour.
Found two stone staircases leading down.
A bat comes into view.
Found a scroll labelled WODEUM UWKUBRA.
A bat is nearby!
Found a scroll labelled NAUZUS YHACS.
The bat hits you but does no damage. x2
You closely miss the bat. The bat barely misses you.
You hit the bat but do no damage. You bite the bat.
You kill the bat!
No target in view!
No target in view!
f - a scroll labelled WODEUM UWKUBRA
g - a scroll labelled NAUZUS YHACS A kobold comes into view.
It is wielding a +0 short sword.
The kobold shouts!
The kobold barely misses you.
You barely miss the kobold. The kobold closely misses you.
You hit the kobold but do no damage. The kobold completely misses you.
You hit the kobold but do no damage. The kobold barely misses you.
You miss the kobold. The kobold hits you but does no damage.
You closely miss the kobold. The kobold closely misses you.
You closely miss the kobold.
The kobold hits you with a +0 short sword.
You hit the kobold but do no damage.
The kobold hits you with a +0 short sword.
You hit the kobold but do no damage.
The kobold hits you with a +0 short sword.
You closely miss the kobold. The kobold hits you but does no damage.
You barely miss the kobold.
The kobold hits you with a +0 short sword.
You die...

#. #. #. ###
#. .. #. .#
#.##K##.#
######..@....#
........#.####
#######.#.#
##.#.# #..
#######....##
#.#
#...........#
#.#
#.#####..>.>#
#.# #.#
##.#..# #.#
#.# #....# #.#
#####


You could see a kobold.

Vanquished Creatures
  An endoplasm (D:1)
  A giant cockroach (D:1)
  A goblin (D:1)
  A hobgoblin (D:1)
  A bat (D:1)
  A kobold (D:1)
6 creatures vanquished.

Notes
Turn   | Place    | Note
-------+----------+-------------------------------------------
     0 | D:1      | SnakkuSnakku7 the Vampire Hedge Wizard began the quest for
                  | the Orb.
     0 | D:1      | Reached XP level 1. HP: 13/13 MP: 4/4
    92 | D:1      | Reached skill level 4 in Stealth
   156 | D:1      | Slain by a kobold

Illustrated notes

Levels and vault maps discovered:
D:1:      matt_arrival_los_fun, layout_loops_ring, serial_shops, shop

Skill      XL: |  1 |
---------------+----+-----
Stealth        | 4 |  4.1
Dodging        | |  2.1
Spellcasting   | |  3.0
Conjurations   | |  0.6
Summonings     | |  1.0
Translocations | |  0.7

Action                   || total
-------------------------++-------
Melee: Dagger            ||    17
       Bite              ||     1
 Abil: Exsanguinate      ||     1
 Stab: Sleeping          ||     5
Armor: Robe              ||     4
Dodge: Dodged            ||     6
